 Dungeon Crawl Stone Soup version 0.29.1-15-g9cfb28693d (webtiles) character file.

Game seed: 7014719179227028475

140 Mysteryquy the Covered (level 5, -2/33 HPs)
             Began as a Gargoyle Fighter on Apr 26, 2023.
             Slain by Ijyb
             ... wielding a +4 club
              (6 damage)
             ... on level 3 of the Dungeon.
             The game lasted 00:04:16 (3372 turns).

Mysteryquy the Covered (Gargoyle Fighter)           Turns: 3372, Time: 00:04:17

Health: -2/33      AC: 19    Str: 21    XL:     5   Next: 23%
Magic:  5/5        EV:  6    Int:  9    God:
Gold:   99         SH:  4    Dex:  9    Spells: 4/4 levels left

rFire   . . .      SeeInvis .   a - +0 flail
rCold   . . .      Faith    .   c - +0 buckler
rNeg    + + .      Spirit   .   x - +2 plate armour {rN+}
rPois   ∞          Reflect  .   y - +0 helmet
rElec   +          Harm     .   (no cloak)
rCorr   +          Rampage  .   (no gloves)
Will    .....                   (no boots)
Stlth   ..........              (no amulet)
HPRegen 0.11/turn               e - ring of resist corrosion
MPRegen 0.09/turn               r - ring of flight

@: flying
A: sickness immunity, AC +4, negative energy resistance 1, electricity
resistance, torment resistance 1, petrification resistance
a: no special abilities


You were on level 3 of the Dungeon.
You visited 1 branch of the dungeon, and saw 3 of its levels.

You collected 99 gold pieces.

Inventory:

Hand Weapons
 a - a +0 flail (weapon)
Missiles
 m - 17 poisoned darts (quivered)
Armour
 b - a +0 scale mail
 c - a +0 buckler (worn)
 s - a +0 helmet
 u - a +1 hat
 x - a +2 plate armour of positive energy (worn)
 y - a +0 helmet (worn)
Jewellery
 e - a ring of resist corrosion (left hand)
 r - a ring of flight (right hand)
Scrolls
 f - 3 scrolls of teleportation {unknown}
 h - a scroll of fear {unknown}
 j - 6 scrolls of identify {unknown}
 l - 2 scrolls of enchant armour {unknown}
 o - a scroll of noise {unknown}
 p - a scroll of blinking {unknown}
 q - a scroll of butterflies {unknown}
 v - 2 scrolls of enchant weapon {unknown}
 w - a scroll of brand weapon {unknown}
Potions
 d - a potion of might
 g - a potion of ambrosia {unknown}
 i - a potion of degeneration {unknown}
 k - a potion of curing {unknown}
 n - 3 potions of attraction {unknown}
 t - 2 potions of haste {unknown}


   Skills:
 + Level 3.9 Fighting
 + Level 3.6 Maces & Flails
 + Level 0.1 Throwing
 + Level 4.3 Armour
 + Level 0.4 Dodging
 + Level 0.3 Stealth
 + Level 3.6 Shields


You had 4 spell levels left.
You didn't know any spells.
Your spell library contained the following spells:

 Spells                   Type           Power      Damage    Failure   Level
 Summon Guardian Golem    Hex/Summ       0%         N/A       100%        3
 Orb of Destruction       Conj           0%         9d5       100%        7
 Spellforged Servitor     Conj/Summ      0%         N/A       100%        7


Dungeon Overview and Level Annotations

Branches:
Dungeon (3/15)

Altars:
Fedhas
Hepliaklqana
Xom
Zin

Annotations:
D:3 1 runed translucent door, Crazy Yiuf, Ijyb


Innate Abilities, Weirdness & Mutations

You are immune to sickness and miasma.
Your stone body is resilient. (AC +4)
You are immune to poison.
You resist negative energy. (rN+)
You are resistant to electric shocks. (rElec)
You are resistant to unholy torment.
You are immune to petrification.


Message History

The bolt of dispelling energy hits the goblin!!
The goblin dies!
The bolt of dispelling energy hits you but does no damage.
There is a large open door here.
You start waiting.
A goblin is nearby!
You closely miss the goblin. The goblin hits you but does no damage.
The goblin barely misses you.
You hit the goblin.
You kill the goblin!
Ijyb hits you but does no damage.
You see here a +0 club.
You hit Ijyb but do no damage.
Ijyb zaps a wand.
The bolt of dispelling energy hits you!
You sock Ijyb!
Ijyb is moderately wounded.
Ijyb hits you with a +4 club! Ijyb closely misses you.
You completely miss Ijyb.
Ijyb is moderately wounded.
Ijyb hits you but does no damage.
You hit Ijyb.
Ijyb is moderately wounded.
Ijyb completely misses you.
You hit Ijyb.
Ijyb is heavily wounded.
Ijyb hits you but does no damage.
You hit Ijyb.
Ijyb is severely wounded.
Ijyb zaps a wand.
The bolt of dispelling energy hits you!
* * * LOW HITPOINT WARNING * * *
Ijyb screams, "I cut your head off!" Ijyb hits you but does no damage.
You barely miss Ijyb.
Ijyb is severely wounded.
Ijyb hits you with a +4 club.
* * * LOW HITPOINT WARNING * * *
You hit Ijyb but do no damage.
Ijyb is severely wounded.
Ijyb hits you with a +4 club.
You die...

#...#..#...#..≈≈≈###
#...#..#########≈≈[)
#...#..........#≈≈.#
#.).#.......)..'...#
#...#.......)..†...#
#...#..........'...#
#...#..........#≈≈##
#'g##..#########≈≈#
#..@...#...#.)≈≈≈##
#......'...'..≈≈≈#
#......#...#..≈≈##
#################


You could see Ijyb.

Vanquished Creatures
  An orc priest (D:3)
  3 adders
  4 worms
  3 dart slugs
  3 orcs (D:3)
  2 ball pythons (D:1)
  6 endoplasms
  2 giant cockroaches (D:1)
  9 goblins
  3 hobgoblins
  5 jackals
  2 quokkas
  4 bats
  6 frilled lizards
  2 kobolds
  5 rats
  A spectral kobold (D:1)
61 creatures vanquished.

Vanquished Creatures (others)
  A goblin (D:3)
  4 fungi (D:3)
  A plant (D:3)
6 creatures vanquished.

Grand Total: 67 creatures vanquished

Notes
Turn   | Place    | Note
-------+----------+-------------------------------------------
     0 | D:1      | Mysteryquy the Gargoyle Fighter began the quest for the
                  | Orb.
     0 | D:1      | Reached XP level 1. HP: 14/14 MP: 1/1
   246 | D:1      | Reached XP level 2. HP: 19/19 MP: 2/2
   614 | D:1      | Found a faded altar of an unknown god.
   828 | D:2      | Found a glowing silver altar of Zin.
   934 | D:2      | Reached XP level 3. HP: 15/24 MP: 3/3
  1966 | D:3      | Reached skill level 4 in Armour
  1966 | D:3      | Reached XP level 4. HP: 5/29 MP: 4/4
  2798 | D:3      | Found a blossoming altar of Fedhas.
  2960 | D:3      | Found a runed translucent door.
  2961 | D:3      | Noticed Crazy Yiuf
  3049 | D:3      | Reached XP level 5. HP: 33/33 MP: 5/5
  3069 | D:3      | Found a shimmering altar of Xom.
  3070 | D:3      | Found a hazy altar of Hepliaklqana.
  3071 | D:3      | Noticed a spectral ugly thing
  3356 | D:3      | Noticed Ijyb
  3372 | D:3      | Slain by Ijyb

Illustrated notes

Levels and vault maps discovered:
D:1:      heliophobic_arrival_battle_scene, layout_rooms,
          dreamdust_ecumenical_altar_drowned_temple,
          chequers_serial_rivers_small_b, minmay_stone_trees_small
D:2:      layout_basic, basic_altar, minmay_parallelograms
D:3:      kennysheep_goblin_castle, layout_basic,
          regret_index_temple_of_mockery, fedhas_altar_3, nicolae_wormholes,
          uniq_crazy_yiuf_cottage

Skill      XL: |  1  2  3 |
---------------+----------+-----
Maces & Flails | 3 |  3.6
Armour         | 4 |  4.3
Fighting       | |  3.9
Throwing       | |  0.1
Dodging        | |  0.4
Stealth        | |  0.3
Shields        | |  3.6

Action                   |  1- 3 |  4- 6 || total
-------------------------+-------+-------++-------
Melee: Flail             |   112 |   126 ||   238
Throw: Dart              |       |     4 ||     4
Armor: Scale mail        |    55 |    38 ||    93
       Plate armour      |       |    71 ||    71
Dodge: Dodged            |    39 |    56 ||    95
Block: Buckler           |    29 |    34 ||    63
